 Dungeon Crawl Stone Soup version 0.21-a0-203-gb066a6e (webtiles) character file.

8815 George the Basher (level 11, -1/71 HPs)
             Began as a Gargoyle Fighter on Aug 19, 2017.
             Was an Elder of Okawaru.
             Slain by a sixfirhy (3 damage)
             ... on level 1 of the Abyss.
             The game lasted 00:22:19 (11772 turns).

George the Basher (Gargoyle Fighter)               Turns: 11772, Time: 00:22:20

Health: -1/71      AC: 25    Str: 23      XL:     11   Next: 36%
Magic:  10/25      EV:  9    Int:  8 (9)  God:    Okawaru [****..]
Gold:   741        SH: 13    Dex:  9      Spells: 10/10 levels left

rFire    . . .     SeeInvis .   p - +2 flail (crush)
rCold    + . .     Gourm    .   c - +0 shield
rNeg     + . .     Faith    .   D - +0 chain mail {rC+}
rPois    ∞         Spirit   .   o - +0 helmet
rElec    +         Reflect  +   v - +2 cloak
rCorr    .         Harm     .   (no gloves)
MR       .....                  (no boots)
Stlth    ..........             h - +2 amulet of reflection
HPRegen  0.21/turn              j - ring of magical power
MPRegen  0.19/turn              (no ring)

@: about to teleport, heroism, weakened
A: blurry vision 1, negative energy resistance 1, electricity resistance,
unbreathing, petrification resistance, rot immunity, AC +7
a: Heroism, Renounce Religion


You were on level 1 of the Abyss.
You worshipped Okawaru.
Okawaru was greatly pleased with you.
You were hungry.

You visited 2 branches of the dungeon, and saw 12 of its levels.
You visited the Abyss 1 time.
You also visited: Bailey.

You collected 741 gold pieces.

Inventory:

Hand Weapons
 p - a +2 flail of crushing (weapon)
Missiles
 k - 67 tomahawks of returning (quivered)
 s - a throwing net
Armour
 c - a +0 shield (worn)
 o - a +0 helmet (worn)
 v - a +2 cloak (worn)
 D - a +0 chain mail of cold resistance (worn)
Jewellery
 g - an uncursed amulet of regeneration
 h - a +2 amulet of reflection (around neck)
 j - a ring of magical power (left hand)
Wands
 y - a wand of lightning (12/15)
 A - a wand of paralysis (7/24)
 F - a wand of scattershot (5/9)
Scrolls
 e - 2 scrolls of remove curse
 l - 2 scrolls of recharging
 n - 5 scrolls of fog
 q - 4 scrolls of teleportation
 w - a scroll of enchant armour
Potions
 a - a potion of haste
 b - 4 potions of magic {unknown}
 d - 2 potions of might
 m - 5 potions of curing
 t - a potion of berserk rage
 u - 6 potions of mutation
 x - a potion of resistance
 z - 2 potions of agility
 B - a potion of lignification {unknown}
 C - 2 potions of cancellation {unknown}
 J - 3 potions of heal wounds {unknown}
 L - a potion of flight {unknown}
Comestibles
 f - 10 bread rations
 r - 4 meat rations
 E - 4 fruits
 G - a chunk of flesh
 H - 3 royal jellies


   Skills:
 + Level 9.1(14.1) Fighting
 + Level 11.9(16.9) Maces & Flails
 + Level 9.1(14.1) Armour
 - Level 3.2(8.2) Shields
 + Level 7.0 Invocations


You had 10 spell levels left.
You didn't know any spells.

Dungeon Overview and Level Annotations

Branches:
Dungeon (11/15)            Temple (1/1) D:7            Lair (0/6) D:10
    Orc (0/2) D:9

Altars:
Ashenzari
Cheibriados
Dithmenos
Elyvilon
Fedhas
Gozag
Hepliaklqana
Kikubaaqudgha
Makhleb
Nemelex Xobeh
Okawaru
Qazlal
Ru
Sif Muna
Trog
Uskayaw
Vehumet
Wu Jian
Xom
Yredelemnul
Zin
The Shining One

Shops:
D:7 [}=   D:8 }

Annotations:
D:11 Erolcha


Innate Abilities, Weirdness & Mutations

You are resistant to torment.
Your stone body is resilient. (AC +7)
You are immune to poison.
You resist negative energy. (rN+)
You are resistant to electric shocks. (rElec)
You can survive without breathing.
You are immune to petrification.
You are immune to rotting.
Scrolls take you a little longer to read.


Message History

The sixfirhy barely misses you. The sixfirhy closely misses you.
Really read with blurry vision while enemies are nearby?
You begin reading the scroll.
You continue reading the scroll.
As you read the scroll of teleportation, it crumbles to dust.
You feel strangely unstable.
You feel the power of the Abyss delaying your translocation!
The sixfirhy hits you.
* * * LOW HITPOINT WARNING * * *
The sixfirhy shocks you. You resist.
* * * LOW HITPOINT WARNING * * *
The sixfirhy completely misses you.
The sixfirhy hits you but does no damage.
The sixfirhy hits you.
* * * LOW HITPOINT WARNING * * *
The sixfirhy shocks you. You resist.
* * * LOW HITPOINT WARNING * * *
The sixfirhy hits you.
* * * LOW HITPOINT WARNING * * *
The sixfirhy shocks you. You resist.
You die...

##.
###..XX..
#...#. .X#
#... ##X# #
§. . ##.E4.
# §..
####.5.# .#
. #
.4#####X##
#.#
#.X#....#
#.##3.#.#.#
#..@....#
###.###.#
#...#...# .
...#. . #
.#.## # .
###.. . # #
##. # .# #
## . .# # #
# ##. #


You could see a starcursed mass, an orange demon, a thrashing horror and a
sixfirhy.

Vanquished Creatures
  The ghost of p0werm0de the Nimble, a journeyman DsAE of Ashenzari (Bailey)
  A two-headed ogre (D:8)
  Joseph (D:8)
  An ancient zyme (Abyss:1)
  A troll (D:10)
  A hornet (D:8)
  Grinder (D:4)
  A hippogriff (D:9)
  A shadow (D:10)
  A spriggan (D:9)
  2 wyverns
  A steam dragon (D:10)
  2 hungry ghosts (D:10)
  A neqoxec (Abyss:1)
  A water moccasin (D:10)
  2 hell hounds (D:10)
  2 black bears
  3 sky beasts
  3 orc warriors
  An eye of draining (Abyss:1)
  An ice beast (D:6)
  A phantom (D:4)
  2 centaurs
  5 ogres
  A crocodile (D:11)
  2 big kobolds
  Blork the orc (D:5)
  5 bullfrogs
  A water moccasin zombie (D:6)
  4 scorpions
  5 wights (D:11)
  2 howler monkeys
  3 crimson imps
  A centaur zombie (D:10)
  A quasit (D:10)
  2 jellies
  3 orc priests
  2 centaur skeletons
  11 hounds
  9 orc wizards
  An iguana (D:4)
  Ijyb (D:5)
  7 worker ants
  A hound skeleton (D:7)
  3 worker ant zombies
  Robin (D:3)
  27 gnolls
  12 adders
  3 shadow imps
  An adder skeleton (D:8)
  6 worms
  A dart slug (D:2)
  A leopard gecko (D:3)
  44 orcs
  7 giant cockroaches
  14 goblins
  14 hobgoblins
  6 quokkas
  2 ball pythons
  11 bats
  5 frilled lizards
  A jackal skeleton (D:6)
  22 kobolds
  5 rats
286 creatures vanquished.

Vanquished Creatures (others)
  A centaur (D:7)
  A big kobold (D:10)
  A gnoll (Bailey)
  4 hobgoblins (Bailey)
  4 kobolds
11 creatures vanquished.

Grand Total: 297 creatures vanquished

Notes
Turn   | Place    | Note
-------+----------+-------------------------------------------
     0 | D:1      | George the Gargoyle Fighter began the quest for the Orb.
     0 | D:1      | Reached XP level 1. HP: 14/14 MP: 1/1
    77 | D:1      | Reached XP level 2. HP: 16/19 MP: 2/2
   372 | D:1      | Reached skill level 3 in Maces & Flails
   724 | D:2      | Reached XP level 3. HP: 17/23 MP: 3/3
  1164 | D:2      | Reached skill level 4 in Maces & Flails
  1447 | D:3      | Reached XP level 4. HP: 28/28 MP: 4/4
  1465 | D:3      | Noticed Robin
  1835 | D:3      | Killed Robin
  2142 | D:3      | Reached skill level 5 in Maces & Flails
  2142 | D:3      | Reached XP level 5. HP: 28/32 MP: 5/5
  2411 | D:4      | Noticed a phantom
  2447 | D:4      | Killed a phantom
  2447 | D:4      | Reached skill level 6 in Maces & Flails
  2447 | D:4      | Reached XP level 6. HP: 23/37 MP: 6/6
  2696 | D:4      | Reached skill level 7 in Maces & Flails
  2782 | D:4      | Reached XP level 7. HP: 39/41 MP: 7/7
  2785 | D:4      | Noticed Grinder
  2795 | D:4      | Paralysed by Grinder for 3 turns
  2808 | D:4      | Killed Grinder
  2808 | D:4      | Reached skill level 8 in Maces & Flails
  3310 | D:5      | Entered Level 5 of the Dungeon
  3491 | D:5      | Reached skill level 9 in Maces & Flails
  3491 | D:5      | Reached XP level 8. HP: 36/46 MP: 8/8
  3617 | D:5      | Noticed Blork the orc
  3626 | D:5      | Killed Blork the orc
  3813 | D:5      | Noticed Ijyb
  3818 | D:5      | Killed Ijyb
  4673 | D:6      | Found a bloodstained altar of Trog.
  4677 | D:6      | Found a shimmering altar of Xom.
  4677 | D:6      | Found an opulent altar of Gozag.
  4688 | D:6      | Found a sacrificial altar of Ru.
  4692 | D:6      | Found a deep blue altar of Sif Muna.
  5083 | D:6      | Found an ornate altar of the Wu Jian Council.
  5259 | D:6      | Reached skill level 10 in Maces & Flails
  5272 | D:6      | Reached skill level 5 in Armour
  5317 | D:6      | Reached skill level 5 in Fighting
  5317 | D:6      | Reached XP level 9. HP: 54/54 MP: 9/9
  6323 | D:7      | Found Nar Heu's Gadget Shoppe.
  6332 | D:7      | Found Fonwucob's Armour Emporium.
  6396 | D:7      | Found a staircase to the Ecumenical Temple.
  6403 | Temple   | Entered the Ecumenical Temple
  6592 | Temple   | Became a worshipper of Warmaster Okawaru
  6666 | D:7      | Found a basalt altar of Yredelemnul.
  6794 | D:7      | Reached skill level 1 in Invocations
  6888 | D:7      | Found Oquoj's Jewellery Boutique.
  7406 | D:8      | Noticed a two-headed ogre
  7701 | D:8      | Killed a two-headed ogre
  7701 | D:8      | Reached * piety under Okawaru
  8130 | D:8      | Reached XP level 10. HP: 58/61 MP: 12/12
  8153 | D:8      | Noticed Joseph
  8173 | D:8      | Killed Joseph
  8173 | D:8      | Reached skill level 11 in Maces & Flails
  8446 | D:8      | Found Juso's Gadget Emporium.
  9049 | D:9      | Found a staircase to the Orcish Mines.
  9075 | D:9      | Reached ** piety under Okawaru
  9291 | D:9      | Reached skill level 5 in Invocations
  9873 | D:10     | Entered Level 10 of the Dungeon
 10126 | D:10     | Found a staircase to the Lair.
 10150 | D:10     | Reached *** piety under Okawaru
 10424 | D:10     | Found a flagged portal.
 10451 | Bailey   | Entered a bailey
 10514 | Bailey   | Noticed p0werm0de's ghost (journeyman DsAE)
 10540 | Bailey   | Killed p0werm0de's ghost
 10540 | Bailey   | Reached XP level 11. HP: 42/69 MP: 15/15
 11085 | D:10     | Got a dazzling hand axe {drain}
 11089 | D:10     | Identified the cursed +1 hand axe of the Hero {drain, +Blink rPois Str+5 Int-2} (You took it off a kobold on level 10 of the Dungeon)
 11094 | D:10     | Identified a scroll of acquirement
 11207 | D:11     | Reached **** piety under Okawaru
 11570 | D:11     | Found a shattered altar of Ashenzari.
 11639 | D:11     | Noticed Erolcha
 11645 | D:11     | Cast into level 1 of the Abyss (Erolcha)
 11712 | Abyss:1  | Gained mutation: Scrolls take you a little longer to read. [a neqoxec]
 11745 | Abyss:1  | Noticed a thrashing horror
 11750 | Abyss:1  | Noticed a sixfirhy
 11757 | Abyss:1  | Noticed a starcursed mass
 11772 | Abyss:1  | HP: 2/71 [sixfirhy (2)]
 11772 | Abyss:1  | Slain by a sixfirhy

Vault maps used:
D:1:      lemuel_arrival_behind_the_door_small, minmay_misc_feat_square
D:2:      minmay_distorted
D:3:      kennysheep_flooded_box, patterned_corridor, uniq_robin
D:4:      first_bread, uniq_grinder
D:5:      uniq_blork_the_orc, uniq_ijyb
D:6:      kennysheep_little_box, minmay_overflow_temple_star_hex
D:7:      yredelemnul_altar_generic, temple_green, serial_shops, shop,
          nicolae_shop_stone, shop, minivault_23
D:8:      serial_shops, kennysheep_mini, uniq_joseph
D:9:      hiddenorc2_lemuel, serial_glass, glass_columns_a, glass_columns_a,
          glass_columns_a, glass_columns_c, glass_columns_b, the_bakery,
          nrook_mini_vaults
D:10:     minmay_lair_entry_lava, enter_bailey_2
D:11:     basic_altar, uniq_snorg, uniq_erolcha
Temple:   regret_index_temple_generic_petals
Bailey:   bailey_axe_2, bailey

Skill      XL: |  1  2  3  4  5  6  7  8  9 10 11 |
---------------+----------------------------------+-----
Maces & Flails | 3 4 5 6 7 9 10 11 | 11.9
Armour         | 5 7 8 9 |  9.1
Fighting       | 5 6 8 9 |  9.1
Invocations    | 3 6 7 |  7.0
Shields        | |  3.2

Action                   |  1- 3 |  4- 6 |  7- 9 | 10-12 || total
-------------------------+-------+-------+-------+-------++-------
Melee: Flail             |   185 |   220 |   499 |   590 ||  1494
Invok: Heroism           |       |       |       |     3 ||     3
  Use: Scroll            |       |       |       |    18 ||    18
  Eat: Chunk             |     2 |     5 |    18 |    16 ||    41
Armor: Scale mail        |    84 |       |       |       ||    84
       Chain mail        |    10 |   134 |   239 |   317 ||   700
Dodge: Dodged            |    67 |    34 |    87 |   116 ||   304
Block: Shield            |   118 |   128 |   232 |   336 ||   814
       Reflection        |     1 |       |     5 |    17 ||    23
